 Dungeon Crawl Stone Soup version 0.17-b1-15-g0f5fb43 (webtiles) character file.

9998 Eucla the Pandemonic (level 11, 0/87 HPs)
             Began as a Vine Stalker Monk on Nov 7, 2015.
             Was a High Priest of Makhleb.
             Succumbed to a water moccasin's poison
             ... on level 1 of the Lair of Beasts.
             The game lasted 00:20:37 (8317 turns).

Eucla the Pandemonic (Vine Stalker Monk)            Turns: 8317, Time: 00:20:37

Health: 0/87       AC:  6    Str: 22    XL:     11   Next: 55%
Magic:  9/29       EV: 23    Int: 10    God:    Makhleb [*****.]
Gold:   549        SH:  0    Dex: 24    Spells: 1 memorised, 9 levels left

rFire  . . .     SeeInvis .       - Unarmed
rCold  + . .     Clarity  +     a - +0 robe
rNeg   . . .     SustAt   .     (no shield)
rPois  .         Gourm    .     (helmet restricted)
rElec  .         Spirit   +     h - +0 cloak
rCorr  .         Warding  .     k - +2 pair of gloves
rMut   .         Stasis   .     (no boots)
MR     +....                    H - amulet of rage
Stlth  ..........               g - ring of protection from cold
                                s - ring of magical power

@: agile, berserking, lethally poisoned (0 -> -1), very quick, somewhat
resistant to hostile enchantments, extremely unstealthy
A: fangs 3, horns 1, agile 1, clarity, regeneration 2, magic shield, antimagic
bite, no device heal 3, rot immunity
a: Minor Destruction, Lesser Servant of Makhleb, Major Destruction, Greater
Servant of Makhleb, Renounce Religion, Evoke Berserk Rage


You were on level 1 of the Lair of Beasts.
You worshipped Makhleb.
Makhleb was extremely pleased with you.
You were hungry.

You visited 2 branches of the dungeon, and saw 11 of its levels.

You collected 549 gold pieces.

Inventory:

Armour
 a - a +0 robe (worn)
 h - a +0 cloak (worn)
 k - a +2 pair of gloves (worn)
Jewellery
 g - a ring of protection from cold (right hand)
 l - an uncursed ring of loudness
 s - a ring of magical power (left hand)
 t - an uncursed ring of positive energy
 D - an uncursed ring of fire
 H - an amulet of rage (around neck)
Wands
 o - a wand of paralysis (8)
 x - a wand of digging (8)
 y - a wand of magic darts (29)
 A - a wand of magic darts (37)
 E - a wand of flame (15)
 K - a wand of enslavement (17)
Scrolls
 e - 3 scrolls of remove curse
 i - a scroll of enchant armour
 m - 2 scrolls of amnesia
 n - 3 scrolls of teleportation
 q - 4 scrolls of identify
 G - a scroll of blinking
Potions
 c - 2 potions of ambrosia
 u - a potion of cure mutation
 v - a potion of poison
 z - 3 potions of brilliance
 I - a potion of curing {unknown}
Books
 d - a book of Flames

   Spells                             Type                      Level
   a - Flame Tongue                   Conjuration/Fire             1
   b - Throw Flame                    Conjuration/Fire             2
   c - Conjure Flame                  Conjuration/Fire             3
   d - Inner Flame                    Hexes/Fire                   3
   e - Sticky Flame                   Conjuration/Fire             4
   f - Fireball                       Conjuration/Fire             5
 p - a Young Poisoner's Handbook

   Spells                             Type                      Level
   a - Sting                          Conjuration/Poison           1
   b - Cure Poison                    Poison                       2
   c - Mephitic Cloud                 Conjuration/Poison/Air       3
   d - Olgreb's Toxic Radiance        Poison                       4
   e - Venom Bolt                     Conjuration/Poison           5
 B - a book of the Dragon

   Spells                             Type                      Level
   a - Flame Tongue                   Conjuration/Fire             1
   b - Cause Fear                     Hexes                        4
   c - Bolt of Fire                   Conjuration/Fire             6
   d - Dragon Form                    Transmutation                7
   e - Dragon's Call                  Summoning                    9
 C - a book of the Earth

   Spells                             Type                      Level
   a - Leda's Liquefaction            Hexes/Earth                  4
   b - Bolt of Magma                  Conjuration/Fire/Earth       5
   c - Statue Form                    Transmutation/Earth          6
   d - Iron Shot                      Conjuration/Earth            6
   e - Shatter                        Earth                        9
Comestibles
 b - 10 bread rations
 j - 3 meat rations
 r - 6 fruits


   Skills:
 * Level 6.4 Fighting
 * Level 5.6 Dodging
 - Level 2.4 Stealth
 + Level 10.9 Unarmed Combat
 - Level 11.6 Invocations


You had 9 spell levels left.
You knew the following spells:

 Your Spells              Type           Power        Failure   Level  Hunger
a - Sting                 Conj/Pois      #...         38%         1    ##.....


Dungeon Overview and Level Annotations

Branches:
Dungeon (9/15)             Temple (0/1) D:6            Lair (2/8) D:9
    Orc: D:9-12

Altars:
Ashenzari
Cheibriados
Fedhas
Gozag
Makhleb
Nemelex Xobeh
Okawaru
Ru
Trog
Vehumet
Xom
Zin
The Shining One


Innate Abilities, Weirdness & Mutations

You have razor-sharp teeth.
You heal very quickly.
When hurt, damage is shared between your health and your magic reserves.
Your bite disrupts and absorbs the magic of your enemies.
Potions and wands cannot restore your health.
You are immune to rotting.
You have a pair of small horns on your head.
You are agile. (Dex +2)
You possess an exceptional clarity of mind.


Message History

Unknown command.
You catch the helpless yak completely off-guard!
You punch the yak!
Your attack snaps the yak out of its fear.
You headbutt the yak. You bite the yak. You drain its power.
You feel invigorated.
The yak is moderately wounded.
Unknown command.
Okay, then.
Drink which item? (? for menu, Esc to quit)
It was a potion of berserk rage.
A red film seems to cover your vision as you go berserk!
You feel yourself moving faster!
You feel mighty!
* * * LOW HITPOINT WARNING * * *
You feel sick.
Unknown command.
You barely miss the yak. You headbutt the yak. You bite the yak.
You drain its power.
You feel invigorated.
The yak is heavily wounded.
You die...

#...# #.##
.#..# #.P##
#### .#..#
##..P####.P#
.#..#
#..........#
#####
#######..#.#
♣♣ ##.#.#
.♣♣ ♣♣♣♣
#.#.# ÷.♣♣
♣♣†>♣ #...#
♣..♣
♣♣♣♣Y@♣♣
##.#.# ♣.♣♣
♣♣♣♣...♣♣♣
#....# ♣♣.♣♣
♣♣.YY♣♣♣♣
##...#
♣♣.♣♣♣♣.♣♣♣♣
#.#.#
♣.÷♣♣...♣
#...#
♣♣....♣♣♣
#.#÷# ♣♣♣.♣♣
♣♣♣♣♣
#.#.###
♣.♣♣♣
♣♣...♣♣
##.#...#
♣♣..♣
♣..[..♣
#..###.#


You could see 3 yaks.

Vanquished Creatures
  Pikel (D:6)
  2 black mambas (Lair:1)
  A spiny frog (Lair:1)
  2 trolls
  A spriggan (D:7)
  A blink frog (Lair:1)
  A wyvern (D:9)
  Sigmund (D:6)
  7 yaks (Lair:1)
  2 basilisks (Lair:1)
  3 porcupines (Lair:1)
  2 wolves (Lair:1)
  2 hippogriffs
  5 water moccasins
  A sky beast (D:9)
  3 phantoms
  3 orc warriors
  An ogre (D:4)
  3 ice beasts
  A centaur (D:6)
  6 crocodiles
  3 big kobolds
  8 giant frogs
  A wyvern skeleton (D:5)
  2 scorpions
  5 wights (D:6)
  4 crimson imps
  A centaur zombie (D:5)
  A wasp zombie (D:8)
  An electric eel (D:9)
  6 hounds
  An orc priest (D:8)
  3 centaur skeletons
  6 iguanas
  6 orc wizards
  2 giant frog skeletons
  7 worker ants
  The ghost of edsrzf the Ducker, a weakling MiAE of Kikubaaqudgha (D:4)
  3 gnolls (D:9)
  14 river rats (Lair:1)
  5 adders
  A shadow imp (D:8)
  2 worms
  19 orcs
  6 goblins
  8 hobgoblins
  15 jackals
  22 kobolds
  8 quokkas
  6 bats
  5 giant cockroaches
  A giant gecko (D:3)
  A giant gecko zombie (D:5)
  2 giant newts
  3 quokka skeletons
  6 rats
234 creatures vanquished.

Vanquished Creatures (collateral kills)
  A manticore (D:8)
  A two-headed ogre (D:9)
  8 wolves
  A sky beast (D:9)
  A giant frog (D:9)
  A crocodile (Lair:1)
  2 hounds (D:9)
  A worker ant (D:8)
  A gnoll (D:9)
17 creatures vanquished.

Vanquished Creatures (others)
  A necrophage (D:8)
  A killer bee (D:8)
  An orc wizard (D:8)
  2 worker ants (D:8)
  A giant gecko (D:8)
  An orc (D:7)
  A giant cockroach (D:8)
  A jackal (D:4)
  A quokka (D:7)
  2 fungi (Lair:1)
12 creatures vanquished.

Grand Total: 263 creatures vanquished

Notes
Turn   | Place    | Note
--------------------------------------------------------------
     0 | D:1      | Eucla the Vine Stalker Monk began the quest for the Orb.
     0 | D:1      | Reached XP level 1. HP: 11/11 MP: 2/2
   339 | D:1      | Reached XP level 2. HP: 14/16 MP: 3/3
   832 | D:2      | Reached XP level 3. HP: 20/20 MP: 4/4
  1054 | D:2      | Reached XP level 4. HP: 16/24 MP: 5/5
  1588 | D:3      | Found a burning altar of Makhleb.
  1588 | D:3      | Found a glowing silver altar of Zin.
  1589 | D:3      | Noticed an angel
  1589 | D:3      | Noticed a cacodemon
  1672 | D:3      | Reached skill level 5 in Unarmed Combat
  1712 | D:3      | Became a worshipper of Makhleb the Destroyer
  1712 | D:3      | Reached * piety under Makhleb
  1712 | D:3      | Reached ** piety under Makhleb
  2017 | D:4      | Found an iron altar of Okawaru.
  2042 | D:4      | Reached XP level 5. HP: 23/28 MP: 6/6
  2064 | D:4      | Found a bloodstained altar of Trog.
  2072 | D:4      | Reached skill level 1 in Invocations
  2111 | D:4      | Noticed edsrzf's ghost (weakling MiAE)
  2122 | D:4      | Gained mutation: Your spells are a little harder to cast, but a little more powerful. [potion of mutation]
  2122 | D:4      | Gained mutation: You possess an exceptional clarity of mind. [potion of mutation]
  2123 | D:4      | Gained mutation: You have a pair of small horns on your head. [potion of mutation]
  2123 | D:4      | Lost mutation: Your spells are a little harder to cast, but a little more powerful. [potion of mutation]
  2123 | D:4      | Gained mutation: You are agile. (Dex +2) [potion of mutation]
  2177 | D:4      | Noticed an ogre
  2188 | D:4      | Killed an ogre
  2188 | D:4      | Gained mutation: You heal very quickly. [Vine Stalker growth]
  2188 | D:4      | Reached XP level 6. HP: 28/33 MP: 6/8
  2366 | D:4      | Killed edsrzf's ghost
  2609 | D:5      | Entered Level 5 of the Dungeon
  2637 | D:5      | Reached skill level 6 in Unarmed Combat
  2736 | D:5      | Learned a level 1 spell: Sting
  2753 | D:5      | Found a shimmering altar of Xom.
  2762 | D:5      | Reached XP level 7. HP: 37/37 MP: 7/9
  3119 | D:5      | Found a sacrificial altar of Ru.
  3357 | D:6      | Found a blossoming altar of Fedhas.
  3366 | D:6      | Noticed Sigmund
  3433 | D:6      | Killed Sigmund
  3433 | D:6      | Reached skill level 7 in Unarmed Combat
  3433 | D:6      | Gained mutation: You have razor-sharp teeth. [Vine Stalker growth]
  3433 | D:6      | Reached XP level 8. HP: 39/42 MP: 7/12
  3436 | D:6      | Reached *** piety under Makhleb
  3437 | D:6      | Noticed a troll
  3461 | D:6      | Killed a troll
  3461 | D:6      | Reached skill level 5 in Invocations
  3465 | D:6      | Noticed Pikel
  3486 | D:6      | Killed Pikel
  3486 | D:6      | Reached skill level 8 in Unarmed Combat
  3486 | D:6      | Reached XP level 9. HP: 29/46 MP: 9/15
  3674 | D:6      | Found a staircase to the Ecumenical Temple.
  3698 | D:6      | Found a radiant altar of Vehumet.
  4046 | D:7      | Found an opulent altar of Gozag.
  4247 | D:7      | Found a glowing golden altar of the Shining One.
  4300 | D:7      | Reached **** piety under Makhleb
  4375 | D:7      | Found a shimmering altar of Xom.
  4532 | D:7      | Reached skill level 9 in Unarmed Combat
  4915 | D:8      | Reached XP level 10. HP: 46/51 MP: 14/18
  5202 | D:8      | Found a shimmering altar of Xom.
  5225 | D:8      | Noticed a manticore
  5241 | D:8      | Killed a manticore
  5421 | D:8      | Found a shattered altar of Ashenzari.
  5521 | D:8      | Found a snail-covered altar of Cheibriados.
  5630 | D:9      | Reached skill level 10 in Invocations
  6025 | D:9      | HP: 2/51 [wolf (1)]
  6194 | D:9      | Found a staircase to the Lair.
  6219 | D:9      | Reached skill level 10 in Unarmed Combat
  6282 | D:9      | Reached skill level 11 in Invocations
  6339 | D:9      | Reached ***** piety under Makhleb
  6375 | Lair:1   | Entered Level 1 of the Lair of Beasts
  6626 | D:9      | Found a sparkling altar of Nemelex Xobeh.
  6626 | D:9      | Found an opulent altar of Gozag.
  7293 | Lair:1   | Reached XP level 11. HP: 54/54 MP: 20/20
  7435 | Lair:1   | Reached skill level 5 in Fighting
  7447 | Lair:1   | Noticed a black mamba
  7462 | Lair:1   | Killed a black mamba
  7505 | Lair:1   | Noticed a black mamba
  7517 | Lair:1   | Killed a black mamba
  7593 | Lair:1   | Reached skill level 5 in Dodging
  8311 | Lair:1   | HP: 2/58 [yak (8)]
  8316 | Lair:1   | HP: 1/87 [poisoned by a water moccasin]
  8317 | Lair:1   | Succumbed to a water moccasin's poison

Action                   |  1- 3 |  4- 6 |  7- 9 | 10-12 || total
-------------------------+-------+-------+-------+-------++-------
Melee: Unarmed           |    85 |   143 |   263 |   378 ||   869
Invok: Minor Destruction |       |     7 |       |     8 ||    15
       Lesser Servant of |       |       |       |     8 ||     8
Evoke: Wand              |       |       |       |     6 ||     6
  Use: Potion            |       |    10 |     3 |     4 ||    17
       Scroll            |       |       |       |    18 ||    18
 Stab: Sleeping          |     5 |     4 |       |    10 ||    19
       Distracted        |       |     1 |       |       ||     1
       Paralysed         |       |       |       |     9 ||     9
       Fleeing           |       |       |       |     1 ||     1
  Eat: Chunk             |       |     3 |     2 |     5 ||    10
       Meat ration       |       |     1 |     1 |     1 ||     3
